 Seeded DCSS version 0.30.1-9-gdf580d7c3d (webtiles) character file.

Game seed: 4823527422771743001 (custom seed)

1567 Psyclone the Tainter (level 8, 0/51 HPs)
             Began as an Octopode Venom Mage on Sept 24, 2023.
             Was an Initiate of Ashenzari.
             Splashed by a jelly's acid (6 damage)
             ... on level 6 of the Dungeon on Sept 25, 2023.
             The game lasted 00:40:29 (8111 turns).

Psyclone the Tainter (Octopode Venom Mage)          Turns: 8111, Time: 00:40:29

Health: 0/51       AC: -3    Str:  8    XL:     8   Next: 90%
Magic:  17/17      EV: 14    Int: 19    God:    Ashenzari [......]
Gold:   1293       SH:  0    Dex: 12    Spells: 13/20 levels left

rFire   . . .        h - +7 long sword (elec)
rCold   . . .        (no shield)
rNeg    . . .        (helmet restricted)
rPois   .            (no amulet)
rElec   .            d - ring of wizardry
rCorr   .            e - ring of see invisible
SInv    +            (no ring)
Will    .....        (no ring)
Stlth   +++          (no ring)
HPRegen 0.28/turn    (no ring)
MPRegen 0.15/turn    (no ring)
                     (no ring)

%: wizardry (x1)
@: corroded
A: almost no armour, amphibious, 8 rings, camouflage 1, gelatinous body 1,
(nimble swimmer 1), tentacles
a: Renounce Religion, Curse Item


You were on level 6 of the Dungeon.
You worshipped Ashenzari.
Ashenzari was noncommittal.
You visited 1 branch of the dungeon, and saw 6 of its levels.
You also visited: Sewer.

You collected 1293 gold pieces.

Inventory:

Hand Weapons
 h - a +7 long sword of electrocution (weapon)
Missiles
 m - 3 throwing nets {!f}
Jewellery
 d - a ring of wizardry (left tentacle)
 e - a ring of see invisible (right tentacle)
 s - a +6 ring of dexterity
Wands
 z - a wand of flame (43)
Scrolls
 f - 2 scrolls of fear
 i - a scroll of immolation
 j - a scroll of amnesia
 q - 2 scrolls of blinking
 u - a scroll of identify {@r1}
 w - a scroll of enchant armour
 y - a scroll of butterflies
 B - 4 scrolls of teleportation
Potions
 a - a potion of magic
 b - 2 potions of berserk rage
 c - 3 potions of curing
 g - a potion of flight
 k - a potion of might {unknown}
 l - a potion of ambrosia {unknown}
 n - 2 potions of resistance
 o - a potion of attraction {unknown}
 p - a potion of heal wounds
 r - a potion of brilliance {unknown}
 t - a potion of haste
 v - a potion of degeneration {unknown}
 x - a potion of mutation {unknown}
 A - a potion of cancellation {unknown}


   Skills:
 + Level 2.6 Fighting
 + Level 3.4 Dodging
 - Level 2.6 Stealth
 + Level 6.5 Spellcasting
 - Level 1.0 Transmutations
 - Level 4.0 Air Magic
 - Level 8.0 Poison Magic


You had 13 spell levels left.
You knew the following spells:

 Your Spells              Type           Power      Damage    Failure   Level
a - Poisonous Vapours     Pois/Air       58%        N/A       1%          2
v - Sting                 Tmut/Pois      92%        1d7       1%          1
x - Olgreb's Toxic Radia  Pois           36%        N/A       1%          4

Your spell library contained the following spells:

 Spells                   Type           Power      Damage    Failure   Level
 Mephitic Cloud           Conj/Pois/Air  21%        N/A       2%          3
 Apportation              Tloc           12%        N/A       4%          1
 Vhi's Electric Charge    Tloc/Air       26%        N/A       6%          3
 Alistair's Intoxication  Tmut/Pois      15%        N/A       19%         5
 Arcjolt                  Conj/Air       6%         1d16      45%         5
 Maxwell's Capacitive Co  Air            10%        ∞         100%        8


Dungeon Overview and Level Annotations

Branches:
Dungeon (6/15) Zot: 26889   Sewer (visited)
 Temple: D:4-7

Altars:
Ashenzari
Dithmenos
Gozag
Hepliaklqana
Sif Muna
Yredelemnul

Shops:
D:2 :?*   D:3 (   D:5 [


Innate Abilities, Weirdness & Mutations

You cannot wear most types of armour.
You are amphibious.
You can wear up to eight rings at the same time.
Your skin changes colour to match your surroundings (Stealth+).
Your rubbery body absorbs attacks. (AC +1, EV +1)
((You are camouflaged when in or above water. (Stealth+)))
You have tentacles for arms and can constrict up to eight enemies at once.


Message History

There is a stone staircase leading down here.
You take 6 damage, and have 35/51 hp.
You closely miss the orc. You grab the orc. You squeeze the orc.
You kill the orc!
The orc priest calls down the wrath of Beogh upon you.
Beogh smites you!
You take 12 damage, and have 23/51 hp.
MASSIVE DAMAGE!!
You slash the orc priest!
You kill the orc priest!
Things that are here:
a +0 falchion; a +0 leather armour
There is a stone staircase leading down here.
You see here a +0 hand axe.
There is a stone staircase leading down here.
You start resting.
Magic restored.
You regained 5 hp, and now have 29/51 hp.
MP restored: 17 You start resting.
HP restored.
Health restored: 51 You climb downwards.
The jelly hits you.
You are splashed with acid!
The orc priest calls down the wrath of Beogh upon you.
Beogh smites you!
There is a stone staircase leading up, spattered with blood here.
You take 23 damage, and have 28/51 hp.
MASSIVE DAMAGE!!
You barely miss the jelly. The jelly hits you.
You are splashed with acid.
The orc priest begins to cast a cantrip, but forgets the words!
You take 7 damage, and have 21/51 hp.
You slash the jelly!
Your tentacles burn!
You squeeze the jelly, but do no damage.
The jelly is almost dead.
The orc priest misses you. The jelly hits you. The acid corrodes you!
You are splashed with acid!
* * * LOW HITPOINT WARNING * * *
The orc priest looks satisfied for a moment.
The jelly hits you.
* * * LOW HITPOINT WARNING * * *
You are splashed with acid.
You die...

##### #...##
.....##
##!8...# #
##......#
#..#)8...8.#
#.....o)(..#
#..J@.[.#
#..$o...#
#.8..)8.#
##..(..##
#..8.##
....##
######


You could see a jelly and 2 orc priests.

Vanquished Creatures
  A water moccasin (D:5)
  An orc warrior (D:4)
  An ogre (D:4)
  A centaur (D:5)
  2 bullfrogs (Sewer)
  A scorpion (D:4)
  3 hounds (D:5)
  2 orc priests
  2 jellies
  A sleepcap (D:5)
  3 iguanas
  Ijyb (D:5)
  5 orc wizards
  Robin (D:3)
  9 gnolls (D:4)
  20 adders
  7 river rats
  A white imp (D:4)
  3 worms (D:3)
  4 dart slugs
  23 orcs
  8 bats
  11 endoplasms
  7 giant cockroaches
  21 goblins
  14 hobgoblins
  4 jackals (D:2)
  4 quokkas
  19 ball pythons
  4 frilled lizards (D:1)
  12 kobolds
  29 rats
225 creatures vanquished.

Notes
Turn   | Place    | Note
-------+----------+-------------------------------------------
     0 | D:1      | Psyclone the Octopode Venom Mage began the quest for the
                  | Orb.
     0 | D:1      | Reached XP level 1. HP: 11/11 MP: 3/3
   172 | D:1      | Reached skill level 1 in Air Magic
   209 | D:1      | Reached XP level 2. HP: 17/17 MP: 3/5
   301 | D:1      | Learned a level 2 spell: Poisonous Vapours
   787 | D:1      | Reached XP level 3. HP: 21/21 MP: 1/6
  1880 | D:2      | Found Ujaseina's Book Boutique.
  1962 | D:2      | HP: 1/21 [goblin/+0 dagger (3)]
  2191 | D:2      | Reached XP level 4. HP: 24/27 MP: 2/8
  2416 | D:2      | Found a shadowy altar of Dithmenos.
  2471 | D:2      | Found Raurchekh's General Store.
  2534 | D:2      | Learned a level 4 spell: Olgreb's Toxic Radiance
  2885 | D:2      | Found Sepir's Magic Scroll Shoppe.
  3175 | D:3      | Found Vucadut's Weapon Shop.
  3370 | D:3      | Reached XP level 5. HP: 31/31 MP: 5/10
  3495 | D:3      | Found a broken altar of Ashenzari.
  3545 | D:3      | Became a worshipper of Ashenzari the Shackled
  3588 | D:3      | Found a glowing drain.
  3620 | Sewer    | Entered a sewer
  3730 | Sewer    | Identified a scroll of acquirement
  3730 | Sewer    | Acquired 987 gold pieces
  3803 | Sewer    | Reached skill level 4 in Poison Magic
  4086 | Sewer    | Reached XP level 6. HP: 36/36 MP: 7/12
  4440 | Sewer    | Reached skill level 5 in Poison Magic
  4538 | D:3      | Reached skill level 6 in Poison Magic
  4592 | D:3      | Reached XP level 7. HP: 41/41 MP: 6/13
  4723 | D:3      | Noticed Robin
  4725 | D:3      | Found a basalt altar of Yredelemnul.
  4734 | D:3      | Killed Robin
  5778 | D:4      | Reached skill level 5 in Spellcasting
  5778 | D:4      | Reached skill level 7 in Poison Magic
  5987 | D:4      | Found a hazy altar of Hepliaklqana.
  5987 | D:4      | Found a shimmering blue altar of Sif Muna.
  6028 | D:4      | Reached XP level 8. HP: 46/46 MP: 9/16
  6315 | D:4      | Reached skill level 8 in Poison Magic
  6844 | D:5      | Entered Level 5 of the Dungeon
  6849 | D:5      | Noticed Ijyb
  6867 | D:5      | Killed Ijyb
  6957 | D:5      | Found an opulent altar of Gozag.
  7117 | D:5      | Found Poutzen's Armour Shoppe.
  7189 | D:5      | Reached skill level 1 in Fighting
  8111 | D:6      | Splashed by a jelly's acid

Illustrated notes

Levels and vault maps discovered:
D:1:      dpeg_arrival_radiant, layout_loops_ring, minmay_octomino_j4
D:2:      layout_basic, serial_shops, shop, nicolae_shop_rolled_up, shop,
          basic_altar, amcnicky_mini_rare_corridor_liquid
D:3:      layout_basic, lemuel_tele_altar, ashenzari_conservatory_becter,
          lightli_sewer_entry_pipes, serial_shops, nicolae_shop_trees,
          uniq_robin
D:4:      corexii_shantytown, layout_cave_pools, gammafunk_temple_overflow_wave,
          guppyfry_early_orc_mine
D:5:      layout_basic, nicolae_gozag_seed_capital, serial_shops,
          nicolae_shop_hallway_stairs,
          hangedman_abyss_or_decor_jellyfish_corner, uniq_ijyb
D:6:      layout_loops_ring, grunt_ministairs_2

Skill      XL: |  1  2  3  4  5  6  7  8 |
---------------+-------------------------+-----
Air Magic      | 1 2 3 4 |  4.0
Spellcasting   | 3 4 5 6 |  6.5
Poison Magic   | 4 6 7 8 |  8.0
Fighting       | 2 |  2.6
Dodging        | 3 |  3.4
Stealth        | |  2.6
Transmutations | |  1.0

Action                     |  1- 3 |  4- 6 |  7- 9 || total
---------------------------+-------+-------+-------++-------
  Melee: Unarmed           |    15 |       |       ||    15
         Tentacles         |     5 |    13 |    15 ||    33
         Dagger            |     3 |    16 |       ||    19
         Constrict         |     2 |    19 |    20 ||    41
         Rapier            |       |    14 |       ||    14
         Long sword        |       |    53 |    89 ||   142
         Punch             |       |     1 |       ||     1
   Cast: Sting             |    25 |       |     5 ||    30
         Poisonous Vapours |    47 |    50 |    20 ||   117
         Olgreb's Toxic Ra |       |     8 |    20 ||    28
    Use: Potion            |     1 |     1 |     4 ||     6
         Scroll            |       |     9 |     8 ||    17
   Stab: Sleeping          |       |     5 |     7 ||    12
 Armour: Skin              |     3 |     5 |     3 ||    11
  Dodge: Dodged            |    41 |    53 |    54 ||   148
